AoeStats
← Viquindan

Arabia

504225029Analyzed
1v1 RM · 29d ago on Sep 4, 2026· 55m 56s· 2 players
Game mode
Random Map
Map size
Tiny (2 player)
Population
200
Speed
Normal
Resources
Standard
Victory
Conquest
Starting age
Dark Age
Ending age
Imperial Age
RankedLock teamsTeams togetherTeam positionsShared explorationLock speedFull tech treeHidden civsTurbo modeCheats
Victory
Defeat
🇸🇪 Hindustanis · Sweden
1211
+14
🇨🇴 Franks · Colombia
1176
-14
Viquindan
5:42 Loom
9:05 Feudal Age
9:58 Double-Bit Axe
21:09 Castle Age
20:57 Forging
20:48 Scale Mail Armor
20:58 Gold Mining
21:23 Pikeman
22:23 Stone Mining
31:42 Imperial Age
30:22 Gold Shaft Mining
30:31 Iron Casting
31:34 Fletching
32:06 Elite Skirmisher
33:01 Bodkin Arrow
33:07 Padded Archer Armor
35:09 Chemistry
35:19 Ballistics
36:35 Leather Archer Armor
37:33 Wheelbarrow
36:43 Town Watch
39:46 Halberdier
43:26 Conscription
48:26 Squires
49:12 Hand Cart
48:58 Town Patrol
52:49 Bow Saw
Cagao
6:46 Loom
9:25 Feudal Age
10:12 Double-Bit Axe
19:24 Castle Age
18:39 Gold Mining
18:48 Horse Collar
22:15 Fletching
22:50 Bloodlines
22:41 Husbandry
23:17 Bodkin Arrow
24:58 Thumb Ring
25:12 Bow Saw
25:34 Padded Archer Armor
26:36 Leather Archer Armor
27:43 Wheelbarrow
27:42 Heavy Plow
30:34 Scale Barding Armor
30:40 Forging
33:08 Ballistics
36:10 Imperial Age
34:37 Light Cavalry
37:05 Chain Barding Armor
37:20 Iron Casting
38:01 Bracer
39:41 Hussar
41:08 Elite Skirmisher
42:56 Chemistry
44:06 Hand Cart
44:54 Two-Man Saw
45:09 Elite Skirmisher
46:39 Plate Barding Armor
47:04 Blast Furnace
48:45 Stone Mining
49:31 Gold Shaft Mining
48:44 Town Watch
49:50 Ring Archer Armor
52:42 Conscription
55:54 Shatagni
56:31 Hoardings
Connection lost

Rejoining the realm…

Still unreachable

The connection could not be restored.

Session expired

The server has moved on; the page needs a fresh start.